 Dungeon Crawl Stone Soup version 0.31.0-12-g77e489cdc1 (webtiles) character file.

Game seed: 13780399652847071511

410 Doomgape the Trooper (level 6, -14/56 HPs)
             Began as a Minotaur Fighter on Feb 12, 2024.
             Demolished by Menkaure (16 damage)
             ... on level 4 of the Dungeon.
             The game lasted 00:07:16 (3364 turns).

Doomgape the Trooper (Minotaur Fighter)             Turns: 3364, Time: 00:07:16

Health: -14/56     AC: 12    Str: 29    XL:     6   Next: 58%
Magic:  5/5        EV:  7    Int:  5    God:
Gold:   144        SH:  5    Dex:  9    Spells: 5/5 levels left

rFire   . . .        a - +0 long sword
rCold   . . .        c - +0 buckler
rNeg    . . .        g - +0 plate armour
rPois   .            (helmet restricted)
rElec   .            (no cloak)
rCorr   .            (no gloves)
SInv    .            (no boots)
Will    +....        (no amulet) Stlth
                     b - +6 ring of strength
HPRegen 0.29/turn    (no ring)
MPRegen 0.09/turn

%: no passive effects
@: brilliant, enlightened, flying
A: horns 2, retaliatory headbutt
a: no special abilities


You were on level 4 of the Dungeon.
You visited 1 branch of the dungeon, and saw 4 of its levels.

You collected 144 gold pieces.

Inventory:

Hand Weapons
 a - a +0 long sword (weapon)
Armour
 c - a +0 buckler (worn)
 g - a +0 plate armour (worn)
Jewellery
 b - a +6 ring of strength (left hand)
Wands
 i - a wand of flame (6)
Scrolls
 e - a scroll of teleportation
Potions
 d - 2 potions of might
 f - a potion of resistance


   Skills:
 + Level 5.5 Fighting
 + Level 4.7 Long Blades
 + Level 5.4 Armour
 + Level 5.4 Shields


You had 5 spell levels left.
You didn't know any spells.
Your spell library contained the following spells:

 Spells                   Type           Power      Damage    Failure   Level
 Sting                    Conj/Alch      0%         1d3       99%         1
 Mercury Vapours          Alch/Air       0%         N/A       100%        2
 Olgreb's Toxic Radiance  Alch           0%         N/A       100%        4


Dungeon Overview and Level Annotations

Branches:
Dungeon (4/15)
 Temple: D:4-7

Altars:
Elyvilon
Trog
Zin

Annotations:
D:4 Menkaure


Innate Abilities, Weirdness & Mutations

You have a pair of horns on your head.
You reflexively headbutt those who attack you in melee.


Message History

You kill the ball python!
It was a potion of enlightenment.
You feel very buoyant.
You fly up into the air.
An endoplasm comes into view.
It was a potion of brilliance.
You feel clever all of a sudden.
The endoplasm quivers.
Unknown command.
You hit the goblin.
The goblin is heavily wounded.
The goblin barely misses you. You furiously retaliate!
You headbutt the goblin.
You kill the goblin!
The iguana bites you.
* * * LOW HITPOINT WARNING * * *
You see here a +0 club.
You hit the iguana but do no damage.
The iguana is heavily wounded.
The iguana bites you.
* * * LOW HITPOINT WARNING * * *
You hit the iguana but do no damage.
The iguana is heavily wounded.
The iguana barely misses you.
You closely miss the iguana.
You headbutt the iguana, but do no damage.
The iguana is heavily wounded.
The iguana bites you.
* * * LOW HITPOINT WARNING * * *
Unknown command.
You hit Menkaure.
Menkaure is moderately damaged.
The iguana bites you.
* * * LOW HITPOINT WARNING * * *
Menkaure barely misses you. You furiously retaliate!
You headbutt Menkaure! The iguana barely misses you.
Unknown command.
You hit Menkaure. You headbutt Menkaure.
Menkaure is almost destroyed.
The iguana barely misses you. Menkaure hits you!
You die...

#... #... . #...
.## ... ..# ..
#.# .## #. #.#
.....#.##.#######
......JM@........
.##....##l######
.....#. #.#
######M##.#
........# ####
..##J#..# .....
#.#.<##...=..
#.#.#.'.....M
#.#†#......


You could see Menkaure, an iguana and an endoplasm.

Vanquished Creatures
  Sigmund (D:2)
  A scorpion (D:3)
  Ijyb (D:3)
  Robin (D:2)
  4 gnolls (D:2)
  4 adders
  4 dart slugs
  A ribbon worm (D:2)
  An orc (D:3)
  3 endoplasms
  A giant cockroach (D:2)
  12 hobgoblins
  2 jackals (D:1)
  5 quokkas
  5 ball pythons
  3 bats
  2 frilled lizards (D:1)
  15 goblins
  7 kobolds
  3 rats
76 creatures vanquished.

Vanquished Creatures (others)
  An arcanist (D:3)
1 creature vanquished.

Grand Total: 77 creatures vanquished

Notes
Turn   | Place    | Note
-------+----------+-------------------------------------------
     0 | D:1      | Doomgape the Minotaur Fighter began the quest for the Orb.
     0 | D:1      | Reached XP level 1. HP: 19/19 MP: 0/0
   133 | D:1      | Reached XP level 2. HP: 27/27 MP: 1/1
   815 | D:1      | Found a faded altar of an unknown god.
   902 | D:1      | Reached XP level 3. HP: 33/33 MP: 2/2
  1549 | D:2      | Reached XP level 4. HP: 35/40 MP: 3/3
  1550 | D:2      | Noticed Robin
  1800 | D:2      | Killed Robin
  1855 | D:2      | Noticed Sigmund
  1890 | D:2      | Killed Sigmund
  1891 | D:2      | Reached skill level 5 in Fighting
  1891 | D:2      | Reached skill level 5 in Armour
  1891 | D:2      | Reached skill level 5 in Shields
  1891 | D:2      | Reached XP level 5. HP: 23/48 MP: 4/4
  2028 | D:2      | Identified the +7 spear of Subterfuge {freeze, rF+ Str-4
                  | Int+3}
  2293 | D:2      | Reached XP level 6. HP: 39/56 MP: 5/5
  2778 | D:3      | Found a white marble altar of Elyvilon.
  2911 | D:3      | Found a glowing silver altar of Zin.
  3070 | D:3      | Noticed Ijyb
  3083 | D:3      | Killed Ijyb
  3176 | D:3      | Found a bloodstained altar of Trog.
  3177 | D:3      | Noticed a wizard
  3182 | D:3      | Killed a wizard
  3339 | D:4      | Noticed Menkaure
  3363 | D:4      | HP: 2/56 [iguana (3)]
  3364 | D:4      | Demolished by Menkaure

Illustrated notes

Levels and vault maps discovered:
D:1:      psy_arrival_heroes, layout_loops_corners,
          shapermc_ecumenical_altar_mp_vishouse
D:2:      layout_loops_corners, minmay_misc_feat_roman, uniq_sigmund, uniq_robin
D:3:      layout_loops_cross, zin_academy, elyvilon_altar_3, trog_wizard,
          uniq_ijyb
D:4:      layout_basic, regret_index_xom_buried_treasure, lemuel_crystal_altar,
          uniq_menkaure

Skill      XL: |  1  2  3  4 |
---------------+-------------+-----
Shields        | 4 5 |  5.4
Fighting       | 4 5 |  5.5
Long Blades    | 3 4 |  4.7
Armour         | 4 5 |  5.4

Action                     |  1- 3 |  4- 6 || total
---------------------------+-------+-------++-------
  Melee: Long sword        |   105 |   122 ||   227
         Headbutt          |    14 |    21 ||    35
    Use: Potion            |       |     8 ||     8
         Scroll            |       |     7 ||     7
 Armour: Scale mail        |    22 |       ||    22
         Plate armour      |    65 |   119 ||   184
  Dodge: Dodged            |    39 |    38 ||    77
  Block: Buckler           |    26 |    22 ||    48
